 Dungeon Crawl Stone Soup version 0.31-a0-564-g3b7de120b3 (webtiles) character file.

Game seed: 15425471221295235580

6145 IdlyInterested the Fighter (level 10, -10/91 HPs)
             Began as a Demonspawn Fighter on Aug 17, 2023.
             Killed from afar by a steam dragon (23 damage)
             ... with a ball of steam
             ... on level 8 of the Dungeon.
             The game lasted 00:35:50 (9986 turns).

IdlyInterested the Fighter (Demonspawn Fighter)     Turns: 9986, Time: 00:35:50

Health: -10/91     AC: 13    Str: 20    XL:     10   Next: 59%
Magic:  10/10      EV:  6    Int: 12    God:
Gold:   60         SH:  0    Dex: 13    Spells: 9/9 levels left

rFire   . . .        A - +2 dagger (elec)
rCold   . . .        c - +0 buckler
rNeg    . . .        h - +1 plate armour
rPois   .            (helmet restricted)
rElec   .            g - +0 cloak
rCorr   +            (no gloves)
SInv    .            (no boots)
Will    .....        L - amulet of reflection Stlth
                     o - ring of resist corrosion
HPRegen 0.35/turn    y - ring of flight
MPRegen 0.12/turn

%: reflection
@: confused, ambrosia-drunk, flying
A: antennae 2, demonic guardian 1, powered by pain 1, big brain 1
a: no special abilities


You were on level 8 of the Dungeon.
You visited 2 branches of the dungeon, and saw 9 of its levels.
You also visited: Ossuary.

You collected 302 gold pieces.
You spent 242 gold pieces at shops.

Inventory:

Hand Weapons
 a - a +1 rapier
 t - a +0 trident
 u - a +0 morningstar
 A - a +2 dagger of electrocution (weapon)
 E - a +3 scimitar of freezing
 F - a +0 scimitar
 G - a +2 dagger of venom
 K - a +0 war axe
 R - the +3 trident of Qazlal's Hope {freeze, *Noise rC+++ Will+ Stlth+}
   (You found it on level 8 of the Dungeon)

   rC+++:     It renders you almost immune to cold.
   Will+:     It increases your willpower.
   *Noise:    It may make a loud noise when swung.
   Stlth+:    It makes you more stealthy.
Missiles
 e - 44 stones (quivered)
 i - 40 poisoned darts
 m - a throwing net
 v - 3 curare-tipped darts
 z - a boomerang
Armour
 c - a +0 buckler (worn)
 g - a +0 cloak (worn)
 h - a +1 plate armour (worn)
 S - +0 steam dragon scales
Magical Staves
 f - a staff of air
 s - a staff of conjuration
Jewellery
 j - an amulet of guardian spirit
 l - an amulet of faith
 o - a ring of resist corrosion (left hand)
 y - a ring of flight (right hand)
 B - a ring of magical power
 L - an amulet of reflection (around neck)
Wands
 x - a wand of light (13)
 O - a wand of flame (3)
 P - a wand of mindburst (11)
 Q - a wand of roots (4)
Scrolls
 b - a scroll of poison
 d - 2 scrolls of fear
 k - 4 scrolls of amnesia
 r - 5 scrolls of enchant weapon
 w - 2 scrolls of summoning
 D - 2 scrolls of teleportation
 M - a scroll of vulnerability
 N - a scroll of silence
 T - a scroll of blinking
 U - a scroll of identify
Potions
 n - a potion of magic
 p - a potion of resistance
 C - a potion of mutation
 H - a potion of brilliance
 I - 5 potions of curing
 J - 2 potions of haste


   Skills:
 + Level 12.6 Fighting
 + Level 3.2 Short Blades
 - Level 2.0 Throwing
 - Level 3.0 Armour
 - Level 3.0 Dodging
 - Level 6.0 Stealth
 - Level 6.0 Shields
 - Level 2.0 Evocations


You had 9 spell levels left.
You didn't know any spells.
Your spell library contained the following spells:

 Spells                   Type           Power      Damage    Failure   Level
 Slow                     Hex            0%         N/A       100%        1
 Confusing Touch          Hex            0%         N/A       100%        3
 Inner Flame              Hex/Fire       0%         N/A       100%        3
 Vampiric Draining        Necr           0%         2d6       100%        3
 Yara's Violent Unravell  Hex/Tmut       0%         3d3       100%        5
 Enfeeble                 Hex            0%         N/A       100%        7


Dungeon Overview and Level Annotations

Branches:
Dungeon (8/15)             Temple (1/1) D:5         Ossuary (visited)
   Lair: D:8-11

Altars:
Ashenzari
Cheibriados
Dithmenos
Fedhas
Hepliaklqana
Kikubaaqudgha
Makhleb
Nemelex Xobeh
Okawaru
Qazlal
Ru
Sif Muna
Trog
Uskayaw
Vehumet
Wu Jian
Xom
Yredelemnul

Shops:
D:2 !   D:8 *


Innate Abilities, Weirdness & Mutations

You have a pair of antennae on your head.
A weak demonic guardian rushes to your aid.
You sometimes gain a little power by taking damage.
You have an unusually large brain. (Int +2)


Message History

The orc warrior completely misses you.
The orc warrior hits you from afar with a +0 glaive.
* * * LOW HITPOINT WARNING * * *
The orc warrior unwields a +0 glaive.
The orc warrior wields a +0 orcbow.
The orc warrior shoots an arrow.
The arrow completely misses you.
The orc wizard mumbles some strange words.
The orc wizard flickers and vanishes!
Deactivating autopickup; reactivate with Ctrl-A.
You hit the steam dragon.
Lightning courses through the steam dragon!
The steam dragon is severely wounded.
You bump into the rock wall.
The steam dragon bites you! The steam dragon barely misses you.
You barely miss the steam dragon.
The steam dragon is severely wounded.
The steam dragon breathes steam at you. The ball of steam hits you!
* * * LOW HITPOINT WARNING * * *
You closely miss the steam dragon.
The steam dragon is severely wounded.
You are engulfed in a cloud of scalding steam.
The orc wizard barely misses you. The steam dragon breathes steam at you.
The ball of steam hits you!
* * * LOW HITPOINT WARNING * * *
A demonic guardian appears!
The orc warrior hits you from afar with a +0 halberd.
* * * LOW HITPOINT WARNING * * *
The orc wizard is engulfed in a cloud of scalding steam.
The orc wizard mumbles some strange words.
The orc wizard flickers and vanishes!
The orc warrior barely misses you. The steam dragon completely misses you.
The steam dragon claws you but does no damage.
Your quasit bites the bullfrog.
Your quasit claws the bullfrog. x2
Your quasit completely misses the bullfrog.
Your quasit barely misses the bullfrog.
Your quasit claws the bullfrog.
The orc hits you but does no damage. The steam dragon breathes steam at you.
The ball of steam hits you!!
You die...

####.##.#######.....##....#
#.#
#..#'##......#.......#....##
+
#.........##.#...)...#.....#
#
#.........##.#.......##....#
.. #.........##.##.....#
....# ### #.........##.#
#{..# ##..# #
#............####{########.#
#
#..#+####....#..ooF§.......#
# #.. .........#.@§D.5......
#.### #.
.........#...{.§...... #.#..
..........#.########+##
#.#.. ........#.#..### #.#..
..........#....# #.#..
..........#....## #.### .
.#......#.....# #.#
...#...#.###....# #.###
...#####÷# #....# { #..>.


You could see a steam dragon (catching breath), an orc warrior, a bullfrog (ally
target), an orc and a friendly quasit (summoned).

Vanquished Creatures
  A boulder beetle (D:8)
  A komodo dragon (D:8)
  A hornet (D:8)
  3 wyverns
  5 yaks (D:8)
  2 steam dragons (D:8)
  A vampire mosquito (D:8)
  The ghost of GoodGuyCap the Changeling, an amateur OpSh (D:4)
  4 water moccasins
  2 sky beasts
  An ice beast (D:7)
  A centaur (D:7)
  3 kobold brigands
  3 bullfrogs
  2 elf zombies (Ossuary)
  5 scorpions
  14 wights
  6 killer bees (D:7)
  A howler monkey (D:6)
  3 hounds
  A centaur zombie (Ossuary)
  4 orc priests
  Crazy Yiuf (D:2)
  A human zombie (Ossuary)
  2 sleepcaps
  Terence (D:2)
  An orc wizard (D:7)
  Natasha (thrice) (D:2)
  2 mummies (Ossuary)
  Robin (D:3)
  5 adders
  A shadow imp (D:8)
  3 adder zombies (Ossuary)
  A worm (D:2)
  4 dart slugs
  16 orcs
  4 bats
  8 endoplasms
  3 giant cockroaches
  13 goblins
  10 hobgoblins
  A jackal (D:2)
  19 kobolds
  2 quokkas (D:1)
  6 ball pythons
  4 frilled lizards
  A goblin zombie (Ossuary)
  9 hobgoblin zombies (Ossuary)
  11 kobold zombies (Ossuary)
  6 orc zombies (Ossuary)
  5 rats
  3 rat zombies (Ossuary)
212 creatures vanquished.

Vanquished Creatures (collateral kills)
  An ogre (D:6)
  An orc priest (D:4)
  An iguana (D:5)
  An adder (D:3)
  2 worms
  2 orcs (D:4)
  A bat (D:2)
  A goblin (D:2)
  3 kobolds (D:6)
  A quokka (D:2)
14 creatures vanquished.

Grand Total: 226 creatures vanquished

Notes
Turn   | Place    | Note
-------+----------+-------------------------------------------
     0 | D:1      | IdlyInterested the Demonspawn Fighter began the quest for
                  | the Orb.
     0 | D:1      | Reached XP level 1. HP: 18/18 MP: 1/1
    22 | D:1      | Found a faded altar of an unknown god.
   114 | D:1      | Reached skill level 1 in Dodging
   126 | D:1      | Gained mutation: You have a pair of small antennae on your
                  | head. [demonic ancestry]
   126 | D:1      | Reached XP level 2. HP: 21/24 MP: 2/2
   345 | D:1      | Reached skill level 1 in Throwing
   884 | D:2      | Reached skill level 1 in Stealth
   884 | D:2      | Gained mutation: A weak demonic guardian rushes to your
                  | aid. [demonic ancestry]
   884 | D:2      | Reached XP level 3. HP: 24/29 MP: 3/3
   984 | D:2      | Noticed Natasha
  1003 | D:2      | Killed Natasha
  1004 | D:2      | Reached skill level 4 in Fighting
  1149 | D:2      | Reached XP level 4. HP: 28/37 MP: 4/4
  1246 | D:2      | Found a runed translucent door.
  1247 | D:2      | Noticed Crazy Yiuf
  1511 | D:2      | Found Ylauf's Distillery.
  1546 | D:2      | Noticed Terence
  1566 | D:2      | Killed Terence
  1741 | D:2      | Noticed Natasha
  1749 | D:2      | Killed Natasha
  1750 | D:2      | Reached skill level 5 in Fighting
  1750 | D:2      | Gained mutation: You have a pair of antennae on your head.
                  | [demonic ancestry]
  1750 | D:2      | Reached XP level 5. HP: 24/44 MP: 5/5
  1762 | D:2      | Noticed Natasha
  1779 | D:2      | Killed Natasha
  2079 | D:2      | Killed Crazy Yiuf
  2678 | D:3      | Noticed Robin
  2716 | D:3      | Killed Robin
  2974 | D:2      | Bought a potion of magic for 80 gold pieces
  3199 | D:4      | Found a runed translucent door.
  3199 | D:4      | Noticed GoodGuyCap's ghost (amateur OpSh)
  3318 | D:4      | Found a shimmering blue altar of Sif Muna.
  3332 | D:4      | Found a burning altar of Makhleb.
  3359 | D:4      | Found a hide-covered altar of Uskayaw.
  3392 | D:4      | Found a snail-covered altar of Cheibriados.
  3400 | D:4      | Reached XP level 6. HP: 45/51 MP: 4/6
  3778 | D:4      | Noticed a water moccasin
  3801 | D:4      | Killed a water moccasin
  3802 | D:4      | Reached skill level 6 in Fighting
  3802 | D:4      | Reached skill level 1 in Evocations
  4101 | D:4      | Killed GoodGuyCap's ghost
  4102 | D:4      | Gained mutation: You sometimes gain a little power by
                  | taking damage. [demonic ancestry]
  4102 | D:4      | Reached XP level 7. HP: 39/59 MP: 5/7
  4181 | D:5      | Entered Level 5 of the Dungeon
  4531 | D:5      | Found a staircase to the Ecumenical Temple.
  4564 | D:5      | Reached skill level 7 in Fighting
  4791 | Temple   | Entered the Ecumenical Temple
  5107 | D:6      | Noticed a wyvern
  5192 | D:2      | Bought a potion of ambrosia for 80 gold pieces
  5382 | D:6      | Found an ancient bone altar of Kikubaaqudgha.
  5402 | D:6      | Reached skill level 8 in Fighting
  5441 | D:6      | Reached XP level 8. HP: 49/68 MP: 6/8
  5833 | D:6      | Found a hazy altar of Hepliaklqana.
  5835 | D:6      | Found a faded altar of an unknown god.
  5917 | D:6      | Found an ornate altar of the Wu Jian Council.
  5941 | D:6      | Reached skill level 9 in Fighting
  6031 | D:6      | Found a faded altar of an unknown god.
  6322 | D:7      | Found a sand-covered staircase.
  6329 | Ossuary  | Entered an ossuary
  6626 | Ossuary  | Reached XP level 9. HP: 69/78 MP: 9/9
  7019 | D:7      | Reached skill level 10 in Fighting
  7735 | D:7      | Reached skill level 11 in Fighting
  7735 | D:7      | Reached skill level 5 in Shields
  7953 | D:2      | Bought a potion of curing for 30 gold pieces
  7953 | D:2      | Bought a potion of curing for 30 gold pieces
  8500 | D:8      | Identified the +3 trident of Qazlal's Hope {freeze, *Noise
                  | rC+++ Will+ Stlth+}
  8524 | D:8      | Found Dagut's Assorted Antiques.
  8530 | D:8      | Bought a bubbling cyan potion for 22 gold pieces
  8648 | D:8      | Paralysed by a hornet for 1 turns
  8658 | D:8      | Paralysed by a hornet for 2 turns
  8662 | D:8      | Gained mutation: You have an unusually large brain. (Int
                  | +2) [demonic ancestry]
  8662 | D:8      | Reached XP level 10. HP: 49/88 MP: 10/10
  8941 | D:8      | HP: 4/89 [yak (13)]
  9327 | D:8      | Reached skill level 12 in Fighting
  9327 | D:8      | Reached skill level 5 in Stealth
  9792 | D:8      | Noticed a boulder beetle
  9807 | D:8      | Killed a boulder beetle
  9984 | D:8      | HP: 4/91 [orc warrior/+0 halberd (5)]
  9986 | D:8      | Killed from afar by a steam dragon

Illustrated notes

Levels and vault maps discovered:
D:1:      eino_arrival_cavern_a, layout_rooms, basic_ecumenical_altar,
          minivault_5
D:2:      layout_loops_ring, serial_shops, nicolae_shop_industrial_runoff,
          st_stairs_9, uniq_crazy_yiuf_cottage, uniq_terence, uniq_natasha
D:3:      layout_rooms, uniq_robin
D:4:      layout_loops_ring, nicolae_overflow_quartered_altars,
          hellmonk_ghost_happy_afterlife
D:5:      layout_rooms, minmay_temple_entry_large_hall
D:6:      layout_cave_pools, nzn_wu_jian_council_hall,
          nicolae_hepliaklqana_ecumenical_no_more, mainiacjoe_overflow_chevrons
D:7:      layout_basic, chequers_ossuary_entry_cave
D:8:      minmay_opposing_rooms, layout_basic, serial_shops, shop
Temple:   compressed_dpeg_triangle_lava_temple

Skill      XL: |  1  2  3  4  5  6  7  8  9 10 |
---------------+-------------------------------+-----
Dodging        | 1 2 3 |  3.0
Throwing       | 1 2 |  2.0
Stealth        | 1 2 4 6 |  6.0
Fighting       | 4 5 6 8 9 11 12 | 12.6
Short Blades   | 2 3 |  3.2
Evocations     | 1 2 |  2.0
Shields        | 3 4 6 |  6.0
Armour         | 3 |  3.0

Action                     |  1- 3 |  4- 6 |  7- 9 | 10-12 || total
---------------------------+-------+-------+-------+-------++-------
  Melee: Rapier            |   130 |   285 |   129 |       ||   544
         Dagger            |       |       |   455 |   113 ||   568
  Throw: Stone             |     5 |     6 |    31 |     3 ||    45
         Dart              |       |     6 |       |     7 ||    13
  Evoke: Wand              |       |       |     3 |     2 ||     5
    Use: Scroll            |     5 |     7 |     8 |       ||    20
         Potion            |     2 |     2 |     5 |     3 ||    12
   Stab: Distracted        |     1 |       |     1 |       ||     2
         Invisible         |       |       |     2 |       ||     2
 Armour: Scale mail        |    68 |       |       |       ||    68
         Plate armour      |     2 |   185 |   316 |    42 ||   545
  Dodge: Dodged            |    62 |    76 |   114 |    34 ||   286
  Block: Buckler           |    34 |    64 |   187 |    46 ||   331
         Reflection        |       |       |     2 |       ||     2

Table legend: (Time is in decaauts)
 A = Elapsed time spent in this place.
 B = Non-inter-level travel time spent in this place.
 C = Inter-level travel time spent in this place.
 D = Time resting spent in this place.
 E = Time spent auto-exploring this place.
 F = Levels seen in this place.
 G = Mean time per level.
                   A        B        C        D        E       F      G
               +--------+--------+--------+--------+--------+-----+--------+
         Total |  10012 |   8425 |   1587 |   2333 |   3382 |  10 | 1001.2 |
       Dungeon |   9671 |   8113 |   1558 |   2333 |   3367 |   8 | 1208.9 |
        Temple |     33 |      4 |     29 |      0 |      0 |   1 |   33.0 |
       Ossuary |    307 |    307 |      0 |      0 |     15 |   1 |  307.0 |
               +--------+--------+--------+--------+--------+-----+--------+

Top non-repeatable levels by time:
     D:8: 1719 daAuts
     D:2: 1651 daAuts
     D:7: 1452 daAuts
     D:4: 1320 daAuts
     D:6: 1020 daAuts
     D:1: 910 daAuts
     D:3: 907 daAuts
     D:5: 691 daAuts
 Ossuary: 307 daAuts
  Temple: 33 daAuts
